 Dungeon Crawl Stone Soup version 0.22-a0-558-gc2241811a9 (webtiles) character file.

105 PikkenKukken the Covered (level 4, -5/40 HPs)
             Began as a Minotaur Fighter on June 26, 2018.
             Killed by divine providence
             ... invoked by an orc priest
              (16 damage)
             ... on level 3 of the Dungeon.
             The game lasted 00:05:30 (1410 turns).

PikkenKukken the Covered (Minotaur Fighter)         Turns: 1410, Time: 00:05:30

Health: -5/40      AC:  8    Str: 21    XL:     4   Next: 53%
Magic:  12/12      EV:  7    Int:  5    God:
Gold:   74         SH:  9    Dex: 10    Spells: 3/3 levels left

rFire    . . .     SeeInvis .   n - +2 mace (crush)
rCold    . . .     Gourm    .   c - +0 shield
rNeg     . . .     Faith    .   g - +0 scale mail
rPois    .         Spirit   .   (helmet restricted)
rElec    .         Reflect  .   (no cloak)
rCorr    .         Harm     .   (no gloves)
MR       .....                  e - +0 pair of boots
Stlth    ..........             (no amulet)
HPRegen  0.13/turn              i - ring of magical power
MPRegen  0.13/turn              (no ring)

@: no status effects
A: retaliatory headbutt, horns 2
a: no special abilities


You were on level 3 of the Dungeon.
You were not hungry.

You visited 1 branch of the dungeon, and saw 3 of its levels.

You collected 74 gold pieces.

Inventory:

Hand Weapons
 a - a +0 war axe
 b - a +1 hunting sling of flaming
 n - a +2 mace of crushing (weapon)
Missiles
 o - 2 throwing nets (quivered)
Armour
 c - a +0 shield (worn)
 e - a +0 pair of boots (worn)
 g - a +0 scale mail (worn)
Jewellery
 i - a ring of magical power (left hand)
Scrolls
 l - a scroll of remove curse
Potions
 d - a potion of might
 h - a potion of heal wounds
 k - a potion of berserk rage {unknown}
 m - a potion of brilliance {unknown}
 p - a potion of invisibility {unknown}
Comestibles
 f - 4 rations
 j - a chunk of flesh


   Skills:
 - Level 4.3 Fighting
 - Level 3.1(3.3) Axes
 + Level 1.7(2.6) Maces & Flails
 - Level 1.1(1.2) Slings
 - Level 0.4(0.8) Throwing
 - Level 4.3 Armour
 - Level 4.3 Shields


You had 3 spell levels left.
You didn't know any spells.
Your spell library was empty.

Dungeon Overview and Level Annotations

Branches:
Dungeon (3/15)

Altars:


Innate Abilities, Weirdness & Mutations

You reflexively headbutt those who attack you in melee.
You have a pair of horns on your head.


Message History

The adder bites you but does no damage. You block the orc's attack.
The adder barely misses you. The leopard gecko bites you.
The orc priest hits you but does no damage.
You block the orc's attack. The orc barely misses you. You furiously retaliate!
You headbutt the orc!
You kill the orc!
You barely miss the adder.
The adder is severely wounded.
The adder completely misses you. The leopard gecko closely misses you.
You block the orc priest's attack. The orc hits you with a flail.
* * * LOW HITPOINT WARNING * * *
Unknown command.
You hit the orc.
You kill the orc!
The adder bites you but does no damage.
The leopard gecko bites you but does no damage.
The adder closely misses you.
The orc priest invokes the aid of Beogh against you.
Beogh smites you!
You die...

.. .. .# .#
.#
##.######
##........
#l@S>.....
#.o))......
#..........
#...(.o....
##.........
#....#...#
..########
.#


You could see an orc priest, an orc wizard, an adder and a leopard gecko.

Vanquished Creatures
  2 adders
  3 gnolls
  An ooze (D:1)
  2 dart slugs (D:2)
  2 orcs (D:3)
  2 giant cockroaches (D:1)
  5 goblins
  6 hobgoblins
  6 jackals (D:2)
  4 kobolds
  3 bats (D:2)
  8 frilled lizards
  3 rats
47 creatures vanquished.

Notes
Turn   | Place    | Note
-------+----------+-------------------------------------------
     0 | D:1      | PikkenKukken the Minotaur Fighter began the quest for the Orb.
     0 | D:1      | Reached XP level 1. HP: 19/19 MP: 0/0
    68 | D:1      | Reached XP level 2. HP: 24/27 MP: 1/1
   517 | D:2      | Reached XP level 3. HP: 30/33 MP: 2/2
  1285 | D:3      | Reached skill level 1 in Slings
  1285 | D:3      | Reached XP level 4. HP: 36/40 MP: 3/3
  1368 | D:3      | Reached skill level 1 in Maces & Flails
  1410 | D:3      | Killed from afar by an orc priest

Vault maps used:
D:1:      dpeg_arrival_arbitrary_c
D:2:      hangedman_decor_points
D:3:      chequers_ecumenical_altar_simple

Skill      XL: |  1  2  3  4 |
---------------+-------------+-----
Fighting       | 4 |  4.3
Armour         | 4 |  4.3
Shields        | 4 |  4.3
Axes           | 3 |  3.1
Slings         | 1 |  1.1
Maces & Flails | 1 |  1.7
Throwing       | |  0.4

Action                   |  1- 3 |  4- 6 || total
-------------------------+-------+-------++-------
Melee: War axe           |    77 |     4 ||    81
       Headbutt          |     9 |     3 ||    12
       Mace              |       |    12 ||    12
  Use: Scroll            |     5 |     1 ||     6
  Eat: Chunk             |     1 |     1 ||     2
Armor: Scale mail        |    36 |    12 ||    48
Dodge: Dodged            |    16 |    11 ||    27
Block: Shield            |    38 |     9 ||    47

Table legend:
 A = Spawn XP
 B = Non-spawn XP
 C = Spawn XP percentage of total XP
 D = Spawn monster count
 E = Non-spawn monster count
 F = Spawn count percentage of total count
 G = Total turns spent on level
                    A         B        C        D         E        F      G
               +---------+---------+-------+---------+---------+-------+---------
         Total |       0 |     150 |   0.0 |       0 |      47 |   0.0 |  1410
               +---------+---------+-------+---------+---------+-------+---------
           D:1 |       0 |      38 |   0.0 |       0 |      20 |   0.0 |   512
           D:2 |       0 |      62 |   0.0 |       0 |      20 |   0.0 |   828
           D:3 |       0 |      50 |   0.0 |       0 |       7 |   0.0 |    70
               +---------+---------+-------+---------+---------+-------+---------
